cohdb
Replays
Latest Replays
All Replays
Popular Replays
Top Player Replays
Match Explorer
How It Works
Community
CoH3 Stats
Reddit
Sign in to upload your games and track your stats! →
Sign in with Steam
Match 45481561
Unlisted
Match 45481561
Overview
Messages
Build Orders
End
Panzergrenadier Squad
250 Light Carrier
Panzergrenadier Squad
Panzergrenadier Squad
Construct Light Support Kompanie
Selects Panzerjäger Kommand Battlegroup
Selects Mine Fields
2.5-tonne Medical Truck
Fire Support Elements
MG34 Team
Construct Panzerarmee Kommand
Selects Defensive Positions
Selects Butterfly Bomb Drop
Selects Defensive Positions
Selects Tank Busters
Selects Crew Shock Tactics
Veteran Squad Leaders
Emergency Repair Kits
Panzer III L Medium Tank
Panzer III L Medium Tank
Vehicle Survival Package
Selects Butterfly Bomb Drop
Butterfly Bomb Drop
MG34 Team
ST Hélios | No Game No Life
Erwin Rommel
SimplyFinny
MasterStef
0
0
Comments
sign in to comment!
No comments posted yet!